 Dungeon Sprint DCSS version 0.19.5 (webtiles) character file.

1451 dwjmeijer the Unseen (level 8, -11/36 HPs)
             Began as a Spriggan Enchanter on Apr 24, 2017.
             Was a Follower of Nemelex Xobeh.
             Shot with an arrow by a centaur warrior (14 damage)
             ... in the Dungeon (Sprint I: "Red Sonja").
             The game lasted 00:03:06 (310 turns).

dwjmeijer the Unseen (Spriggan Enchanter)            Turns: 310, Time: 00:03:07

Health: -11/36     AC:  4    Str:  4    XL:     8   Next: 47%
Magic:  19/21      EV: 18    Int: 16    God:    Nemelex Xobeh [*.....]
Gold:   510        SH:  0    Dex: 19    Spells: 4 memorised, 15 levels left

rFire  . . .     SeeInvis +     a - +1 dagger
rCold  + . .     Gourm    .     k - +2 robe {rC+}
rNeg   . . .     Faith    .     (shield restricted)
rPois  .         Spirit   .     (helmet restricted)
rElec  .         Reflect  .     (no cloak)
rCorr  .         Harm     .     (gloves unavailable)
MR     +....     NoTele   +     (boots unavailable)
Stlth  ++++......               (no amulet)
                                (no ring)
                                (no ring)

@: very quick
A: unfitting armour, see invisible, herbivore 3, speed 3, slow metabolism 2
a: Renounce Religion


You were in the Dungeon.
You worshipped Nemelex Xobeh.
Nemelex Xobeh was aware of your devotion.
You were not hungry.

You visited 1 branch You collected 552 gold pieces.
You spent 42 gold pieces at shops.

Inventory:

Hand Weapons
 a - a +1 dagger (weapon)
Armour
 b - a +1 robe
 k - a +2 robe of cold resistance (worn)
Scrolls
 j - a scroll of blinking
 o - a scroll of fog {unknown}
Potions
 e - a potion of curing
 f - a potion of heal wounds
 g - a potion of haste
 h - 2 potions of magic
 i - a potion of berserk rage
 m - a potion of resistance {unknown}
Books
 c - a book of Maledictions

   Spells                             Type                      Level
   a - Corona                         Hexes                        1
   b - Ensorcelled Hibernation        Hexes/Ice                    2
   c - Confuse                        Hexes                        3
   d - Tukima's Dance                 Hexes                        3
   e - Dazzling Spray                 Conjuration/Hexes            3
Miscellaneous
 l - a plain deck of summoning
 n - a plain deck of summoning
Comestibles
 d - a bread ration


   Skills:
 - Level 1.1 Short Blades
 - Level 3.0 Dodging
 + Level 16.8 Stealth
 - Level 8.9 Spellcasting
 + Level 13.5 Hexes
 + Level 7.2 Invocations


You had 15 spell levels left.
You knew the following spells:

 Your Spells              Type           Power        Failure   Level  Hunger
a - Corona                Hex            ######.      1%          1    None
b - Ensorcelled Hibernat  Hex/Ice        ####..       1%          2    None
c - Confuse               Hex            ######..     1%          3    #......
d - Dazzling Spray        Conj/Hex       ####..       1%          3    #......


Dungeon Overview and Level Annotations

Branches:
Dungeon (1/1)

Altars:
Cheibriados
Dithmenos
Elyvilon
Fedhas
Gozag
Hepliaklqana
Kikubaaqudgha
Nemelex Xobeh
Okawaru
Qazlal
Ru
Sif Muna
Trog
Uskayaw
Vehumet
Yredelemnul
Zin
The Shining One

Shops:
D =?[


Innate Abilities, Weirdness & Mutations

You are very small and have problems with some larger weapons.
You are too small for most types of armour.
You have supernaturally acute eyesight. (SInv)
You are a herbivore.
You cover ground extremely quickly.
You need consume almost no food.


Message History

The centaur warrior shouts!
The centaur warrior wields a shortbow.
The centaur warrior shoots an arrow.
The arrow hits you!!
Ouch! That really hurt!
You hear a splash.
The centaur warrior wields a shortbow.
The centaur warrior shoots an arrow.
The arrow hits you!
* * * LOW HITPOINT WARNING * * *
You hear a splash.
Found a scroll labeled KOTTAFAMNO and 19 stones.
You see here 2 arrows.
Casting: Confuse
Confirm with . or Enter, or press ? or * to list all spells.
Aiming: Ensorcelled Hibernation
Press: ? - help, Shift-Dir - straight line, f - centaur warrior
Aim: a centaur warrior, wielding a shortbow (purple smoke, chance to defeat MR: 39%)
The centaur warrior easily resists.
The centaur warrior shoots an arrow.
The arrow misses you.
The centaur warrior shoots an arrow.
The arrow hits you!
You die...
Your body disappears without a glow.

##############*******************
.#.[').#..'..#__*,,+,,,*,,*,,,,+,
.'..#..)..#..+,,+,,*,,,**+*,****,
.#####'#####'#__*#**,,,+,,*,*,***
.####..#...#)####§§#****,,+,*+*,*
.#__####..##.#§§§§c#,,**+****,,,*
.#_____##'#..+≈§§§§+,,*,,,,,*,,,*
⌠#_.∩..†'..._#§§@c§#,,*,,,,,+,,,,
##_..__##_.#'##'####*+***,,,*,,,,
,#_____###'#.#(..(###,+,*,,,***++
##########.####'###(##*,*,,***,,*
........'...'.....'.∩#*,*,,****,,
#++++####.).##########*,**+*,,*,,
,,,,,,**##.##*,,,,,,,**,**,*,,,,,
,,,,,,,*,#+#,*,,,,,,,,+,****,,,,,
,*,,,,,*,,,,,*+++******,*,,+,,,,,


You could see 2 centaur warriors.

Vanquished Creatures
  Sonja (D)
  A deep troll (D)
  Sigmund (D)
  A yak (D)
  An ogre (D)
  A jelly (D)
  Ijyb (D)
7 creatures vanquished.

Notes
Turn   | Place    | Note
-------+----------+-------------------------------------------
     0 | D        | dwjmeijer the Spriggan Enchanter began the quest for the Orb.
     0 | D        | Reached XP level 1. HP: 9/9 MP: 5/5
     2 | D        | Noticed Ijyb
    11 | D        | Killed Ijyb
    11 | D        | Reached skill level 6 in Stealth
    11 | D        | Reached skill level 5 in Hexes
    11 | D        | Reached XP level 2. HP: 13/13 MP: 5/8
    43 | D        | Learned a level 2 spell: Ensorcelled Hibernation
    44 | D        | Noticed an ogre
    46 | D        | Killed an ogre
    46 | D        | Reached skill level 9 in Stealth
    46 | D        | Reached XP level 3. HP: 16/16 MP: 7/12
    46 | D        | Reached XP level 4. HP: 21/21 MP: 7/13
    98 | D        | Learned a level 3 spell: Confuse
   102 | D        | Learned a level 3 spell: Dazzling Spray
   103 | D        | Noticed Sigmund
   113 | D        | Killed Sigmund
   113 | D        | Reached skill level 11 in Stealth
   113 | D        | Reached XP level 5. HP: 24/24 MP: 9/17
   178 | D        | Found a deep blue altar of Sif Muna.
   180 | D        | Found a radiant altar of Vehumet.
   184 | D        | Reached skill level 12 in Stealth
   184 | D        | Reached XP level 6. HP: 28/28 MP: 18/18
   194 | D        | Found Lipyc's Magic Scroll Emporium.
   194 | D        | Found an ancient bone altar of Kikubaaqudgha.
   194 | D        | Found a hazy altar of Hepliaklqana.
   194 | D        | Found a stormy altar of Qazlal.
   194 | D        | Found a hide-covered altar of Uskayaw.
   194 | D        | Found a blossoming altar of Fedhas.
   194 | D        | Found a bloodstained altar of Trog.
   194 | D        | Found an iron altar of Okawaru.
   194 | D        | Found a basalt altar of Yredelemnul.
   194 | D        | Found a glowing golden altar of the Shining One.
   194 | D        | Found a snail-covered altar of Cheibriados.
   194 | D        | Found a sacrificial altar of Ru.
   194 | D        | Found a glowing silver altar of Zin.
   194 | D        | Found a shadowy altar of Dithmenos.
   194 | D        | Found a white marble altar of Elyvilon.
   194 | D        | Noticed a yak
   195 | D        | Found an opulent altar of Gozag.
   196 | D        | Killed a yak
   196 | D        | Reached skill level 13 in Stealth
   197 | D        | Found a sparkling altar of Nemelex Xobeh.
   200 | D        | Became a worshipper of Nemelex Xobeh the Trickster
   203 | D        | Bought a scroll of magic mapping for 42 gold pieces
   208 | D        | Received a gift from Nemelex Xobeh
   233 | D        | Noticed Sonja
   237 | D        | Killed Sonja
   237 | D        | Reached skill level 15 in Stealth
   237 | D        | Reached skill level 5 in Invocations
   237 | D        | Reached XP level 7. HP: 32/32 MP: 20/20
   251 | D        | Found Qoony's Jewellery Boutique.
   271 | D        | Noticed a deep troll
   275 | D        | Killed a deep troll
   275 | D        | Reached skill level 16 in Stealth
   275 | D        | Reached XP level 8. HP: 36/36 MP: 21/21
   285 | D        | Found Wehofeb's Armour Emporium.
   295 | D        | Reached * piety under Nemelex Xobeh
   295 | D        | Received a gift from Nemelex Xobeh
   309 | D        | Noticed a centaur warrior
   309 | D        | Noticed a centaur warrior
   310 | D        | Shot with an arrow by a centaur warrior

Skill      XL: |  1  2  3  4  5  6  7 |
---------------+----------------------+-----
Stealth        | 6 9 11 12 15 16 | 16.8
Spellcasting   | 4 6 8 |  8.9
Hexes          | 5 7 9 12 13 | 13.5
Invocations    | 5 7 |  7.2
Short Blades   | |  1.1
Dodging        | |  3.0

Action                   |  1- 3 |  4- 6 |  7- 9 || total
-------------------------+-------+-------+-------++-------
Melee: Dagger            |     9 |    10 |     1 ||    20
 Cast: Ensorcelled Hiber |     1 |       |     1 ||     2
       Confuse           |       |     2 |       ||     2
  Use: Scroll            |       |     1 |       ||     1
 Stab: Sleeping          |     2 |     3 |     1 ||     6
       Confused          |       |     2 |       ||     2
Dodge: Dodged            |     6 |     2 |     1 ||     9
